 Dungeon Crawl Stone Soup version 0.28.0-47-ge53b351184 (webtiles) character file.

Game seed: 14798311975893737843

57 boopmooplesden the Chopper (level 3, 0/33 HPs)
             Began as a Minotaur Berserker on Apr 28, 2022.
             Was a Believer of Trog.
             Succumbed to an adder's poison
             ... on level 2 of the Dungeon.
             The game lasted 00:01:41 (1252 turns).

boopmooplesden the Chopper (Minotaur Berserker)     Turns: 1252, Time: 00:01:41

Health: 0/33       AC:  5    Str: 21    XL:     3   Next: 73%
Magic:  2/2        EV: 11    Int:  4    God:    Trog [**....]
Gold:   86         SH:  0    Dex: 11    Spells: 2/2 levels left

rFire   . . .      SeeInvis .   a - +0 hand axe
rCold   . . .      Faith    .   (no shield)
rNeg    . . .      Spirit   .   c - +0 ring mail
rPois   .          Reflect  .   (helmet restricted)
rElec   .          Harm     .   (no cloak)
rCorr   .          Rampage  .   (no gloves)
Will    .....                   (no boots)
Stlth   +.........              (no amulet)
HPRegen 0.11/turn               (no ring)
MPRegen 0.08/turn               (no ring)

@: lethally poisoned (0 -> -16)
A: horns 2, retaliatory headbutt
a: Renounce Religion, Berserk, Trog's Hand


You were on level 2 of the Dungeon.
You worshipped Trog.
Trog was pleased with you.
You visited 1 branch of the dungeon, and saw 2 of its levels.

You collected 86 gold pieces.

Inventory:

Hand Weapons
 a - a +0 hand axe (weapon)
Armour
 b - a +0 animal skin
 c - a +0 ring mail (worn)
Scrolls
 d - a scroll of blinking {unknown}
 e - a scroll of magic mapping {unknown}


   Skills:
 + Level 4.3 Fighting
 + Level 4.6 Axes
 + Level 3.0 Armour
 + Level 2.5 Dodging


You had 2 spell levels left.
You didn't know any spells.
Your spell library was empty.

Dungeon Overview and Level Annotations

Branches:
Dungeon (2/15)

Altars:

Shops:
D:2 [!*=!


Innate Abilities, Weirdness & Mutations

You have a pair of horns on your head.
You reflexively headbutt those who attack you in melee.


Message History

Trog accepts your kill.
You hit the adder.
You feel sick. The adder closely misses you.
You feel sick. The adder bites you.
You hit the adder.
The adder is severely wounded.
You feel sick. The adder barely misses you. The adder closely misses you.
You closely miss the adder.
The adder is severely wounded.
You feel sick. The adder bites you.
You are more poisoned.
The adder poisons you!
You hit the adder.
The adder is almost dead.
You feel sick. The adder bites you.
You are more poisoned.
The adder poisons you!
You closely miss the adder.
The adder is almost dead.
You feel sick. The adder bites you but does no damage.
The adder barely misses you.
You barely miss the adder. Your headbutt misses the adder.
The adder is almost dead.
You feel sick. The adder bites you but does no damage.
You barely miss the adder.
The adder is almost dead.
You feel sick. The adder bites you.
* * * LOW HITPOINT WARNING * * *
You are lethally poisoned!
The adder poisons you! The adder barely misses you.
You closely miss the adder.
The adder is almost dead.
* * * LOW HITPOINT WARNING * * *
You feel sick. The adder bites you.
* * * LOW HITPOINT WARNING * * *
You are more poisoned.
The adder poisons you!
You aren't carrying any potions.
You miss the adder. Your headbutt misses the adder.
The adder is almost dead.
You die...

#.#.#...?.....# #...
#..>#.........# #...
### #...).....#####
#... #.............#
#...
#...$...)......#####
##≈≈≈
#...................
#≈≈≈≈
#...###.............
#≈≈∩≈ #...
#.....S....... #≈≈.≈
#... #?....@.......
##≈.≈ #..
#............. ##..
#.)......$.... ##.
#<..(....##### #.
########## #. #. #.
#. #.


You could see an adder.

Vanquished Creatures
  2 adders (D:2)
  A worm (D:2)
  A dart slug (D:2)
  An endoplasm (D:1)
  A giant cockroach (D:2)
  4 goblins (D:1)
  A hobgoblin (D:1)
  4 jackals (D:2)
  3 quokkas (D:1)
  4 ball pythons
  3 bats
  3 frilled lizards
  3 kobolds
  2 rats (D:2)
33 creatures vanquished.

Notes
Turn   | Place    | Note
-------+----------+-------------------------------------------
     0 | D:1      | boopmooplesden the Minotaur Berserker began the quest for
                  | the Orb.
     0 | D:1      | Reached XP level 1. HP: 19/19 MP: 0/0
   323 | D:1      | Reached XP level 2. HP: 27/27 MP: 1/1
   970 | D:2      | Found Dorphaitumn's Distillery.
   979 | D:2      | Found Jeih's Jewellery Boutique.
  1006 | D:2      | Found a faded altar of an unknown god.
  1028 | D:2      | Reached ** piety under Trog
  1029 | D:2      | Reached XP level 3. HP: 33/33 MP: 2/2
  1169 | D:2      | Found Kisheoq's Assorted Antiques.
  1176 | D:2      | Found Oheitin's Distillery.
  1192 | D:2      | Found Muhesonovi's Antique Armour Emporium.
  1252 | D:2      | Succumbed to an adder's poison

Illustrated notes

Levels and vault maps discovered:
D:1:      denvon_arrival_planthouse, layout_basic
D:2:      layout_basic, serial_shops, shop, nicolae_shop_overgrown_old_shop,
          nicolae_shop_statue_plus, nicolae_shop_statue_plus,
          nicolae_shop_waterfront, basic_ecumenical_altar

Skill      XL: |  1  2  3 |
---------------+----------+-----
Fighting       | 4 |  4.3
Axes           | 4 |  4.6
Armour         | 3 |  3.0
Dodging        | |  2.5

Action                   || total
-------------------------++-------
Melee: Hand axe          ||    68
       Headbutt          ||     6
       Punch             ||     1
Armor: Ring mail         ||    38
Dodge: Dodged            ||    73
